 Dungeon Crawl Stone Soup version 0.29.1-14-g9c671dbff4 (webtiles) character file.

Game seed: 15773112032373198369

413 Cape the Stinger (level 6, -2/32 HPs)
             Began as a Deep Elf Venom Mage on Feb 17, 2023.
             Slain by a gnoll
             ... wielding a +0 whip
              (5 damage)
             ... on level 4 of the Dungeon.
             The game lasted 00:14:15 (5070 turns).

Cape the Stinger (Deep Elf Venom Mage)              Turns: 5070, Time: 00:14:15

Health: -2/32      AC:  2    Str:  5    XL:     6   Next: 59%
Magic:  16/25      EV: 14    Int: 22    God:
Gold:   271        SH:  0    Dex: 15    Spells: 9/15 levels left

rFire   x . .      SeeInvis .   a - +2 short sword (speed)
rCold   + . .      Faith    .   (no shield)
rNeg    . . .      Spirit   .   k - +0 robe
rPois   .          Reflect  .   (no helmet)
rElec   .          Harm     .   (no cloak)
rCorr   .          Rampage  .   (no gloves)
Will    .....                   (no boots)
Stlth   ++........              (no amulet)
HPRegen 0.10/turn               j - ring of magical power
MPRegen 0.19/turn               i - ring of ice

@: no status effects
A: no striking features
a: no special abilities


You were on level 4 of the Dungeon.
You visited 1 branch of the dungeon, and saw 4 of its levels.
You also visited: Sewer.

You collected 271 gold pieces.

Inventory:

Hand Weapons
 a - a +2 short sword of speed (weapon)
Missiles
 e - 18 stones
 v - a curare-tipped dart
Armour
 k - a +0 robe (worn)
Jewellery
 c - a ring of resist corrosion
 i - a ring of ice (right hand)
 j - a ring of magical power (left hand)
Scrolls
 d - 5 scrolls of enchant armour {unknown}
 g - a scroll of enchant weapon {unknown}
 m - 2 scrolls of fear {unknown}
 o - a scroll of butterflies {unknown}
 q - a scroll of teleportation {unknown}
 s - a scroll of poison {unknown}
 u - 2 scrolls of blinking {unknown}
Potions
 b - a potion of magic
 f - 4 potions of heal wounds {unknown}
 h - 2 potions of curing {unknown}
 l - a potion of berserk rage {unknown}
 n - a potion of might {unknown}
 p - a potion of attraction {unknown}
 r - a potion of mutation {unknown}
 t - 2 potions of cancellation {unknown}


   Skills:
 + Level 4.7 Dodging
 - Level 2.4 Stealth
 + Level 5.3 Spellcasting
 - Level 1.1 Transmutations
 * Level 6.2 Poison Magic


You had 9 spell levels left.
You knew the following spells:

 Your Spells              Type           Power      Damage    Failure   Level
a - Sting                 Tmut/Pois      88%        1d7       2%          1
b - Poisonous Vapours     Pois/Air       38%        N/A       4%          2
c - Mephitic Cloud        Conj/Pois/Air  15%        N/A       12%         3

Your spell library contained the following spells:

 Spells                   Type           Power      Damage    Failure   Level
 Olgreb's Toxic Radiance  Pois           33%        N/A       8%          4
 Apportation              Tloc           10%        N/A       10%         1
 Necrotise                Necr           20%        1d5       10%         1
 Summon Small Mammal      Summ           20%        N/A       10%         1


Dungeon Overview and Level Annotations

Branches:
Dungeon (4/15)              Sewer (visited)
 Temple: D:4-7

Altars:

Shops:
D:1 (


Message History

The gnoll barely misses you.
You hit the gnoll but do no damage.
The gnoll is almost dead.
You kill the gnoll!
The gnoll closely misses you.
Things that are here:
a +2 flail of protection; a gnoll corpse You see here 5 javelins.
Casting: Sting (safe; 2% risk of failure)
Confirm with . or Enter, or press ? or * to list all spells.
Aiming: Sting (safe; 2% risk of failure)
Press: ? - help, Shift-Dir - straight line, f - gnoll
Aim: a gnoll, wielding a +0 whip (79% to hit)
The sting misses the gnoll.
The gnoll hits you with a +0 whip.
* * * LOW HITPOINT WARNING * * *
Okay, then.
Casting: Sting (safe; 2% risk of failure)
Confirm with . or Enter, or press ? or * to list all spells.
The spell is quite dangerous to miscast (12% risk of failure)!
Continue anyway? [Y]es or [N]o only, please.
The spell is quite dangerous to miscast (12% risk of failure)!
Continue anyway?
Okay, then.
Unknown command.
Casting: Mephitic Cloud (quite dangerous; 12% risk of failure)
Confirm with . or Enter, or press ? or * to list all spells.
Aiming: Sting (safe; 2% risk of failure)
Press: ? - help, Shift-Dir - straight line, f/p - gnoll
Aim: a gnoll, wielding a +0 whip (79% to hit)
The sting hits the gnoll.
The gnoll is poisoned.
The gnoll is moderately wounded.
The gnoll misses you.
Casting: Sting (safe; 2% risk of failure)
Confirm with . or Enter, or press ? or * to list all spells.
Aiming: Sting (safe; 2% risk of failure)
Press: ? - help, Shift-Dir - straight line, f/p - gnoll
Aim: a gnoll, wielding a +0 whip (heavily wounded, poisoned, 79% to hit)
The sting hits the gnoll.
The gnoll looks even sicker.
The gnoll is heavily wounded.
The gnoll hits you with a +0 whip.
You die...

###########
#.........#
###.........###
#.....~~~...).#
#..~~~~~..#)#
#..~~.~~..#(#
#..~~~~~..#.#
#...~~~...#g#
#.........#@####
#......÷...........
#..##..##÷##########
...##.......# ##?
#.......# #......<#
#).............
.....g..........
................


You could see a gnoll (very poisoned).

Vanquished Creatures
  2 kobold brigands (Sewer)
  A hound (D:3)
  2 gnolls (D:4)
  8 adders
  6 river rats
  6 worms
  2 dart slugs
  9 ball pythons
  6 endoplasms
  3 giant cockroaches
  6 goblins
  4 hobgoblins
  7 jackals
  2 quokkas
  5 bats
  2 frilled lizards (D:3)
  9 kobolds
  10 rats
90 creatures vanquished.

Notes
Turn   | Place    | Note
-------+----------+-------------------------------------------
     0 | D:1      | Cape the Deep Elf Venom Mage began the quest for the Orb.
     0 | D:1      | Reached XP level 1. HP: 10/10 MP: 6/6
   244 | D:1      | Reached XP level 2. HP: 15/15 MP: 6/8
   324 | D:1      | Found Oleniunt's Antique Weapon Shoppe.
  1360 | D:2      | Reached skill level 4 in Poison Magic
  1366 | D:2      | Reached XP level 3. HP: 19/19 MP: 10/10
  1514 | D:2      | Identified the +0 ring mail "Puur" {Harm rElec rCorr Dex-3}
  1572 | D:2      | Learned a level 2 spell: Poisonous Vapours
  1576 | D:2      | Learned a level 3 spell: Mephitic Cloud
  1586 | D:2      | Found a faded altar of an unknown god.
  2704 | D:3      | Reached XP level 4. HP: 24/24 MP: 11/12
  3534 | D:4      | Found a glowing drain.
  3545 | D:4      | Reached skill level 5 in Poison Magic
  3545 | D:4      | Reached XP level 5. HP: 28/28 MP: 12/13
  3551 | Sewer    | Entered a sewer
  4862 | Sewer    | Reached skill level 5 in Spellcasting
  4862 | Sewer    | Reached XP level 6. HP: 25/32 MP: 13/15
  4955 | Sewer    | Reached skill level 6 in Poison Magic
  5070 | D:4      | Slain by a gnoll

Illustrated notes

Levels and vault maps discovered:
D:1:      amcnicky_arrival_abandoned_market, layout_basic, serial_shops, shop
D:2:      minmay_recursive_quarters, layout_basic, ebering_ecumenical_altar_hall
D:3:      layout_basic
D:4:      layout_rooms, minmay_temple_entry_junction_2, portal_sewer_entry_a,
          minmay_splitting_lines, hangedman_abyss_or_decor_lesser_grid,
          uniq_eustachio

Skill      XL: |  1  2  3  4  5  6 |
---------------+-------------------+-----
Dodging        | 3 4 |  4.7
Poison Magic   | 4 5 6 |  6.2
Spellcasting   | 4 5 |  5.3
Stealth        | |  2.4
Transmutations | |  1.1

Action                   |  1- 3 |  4- 6 || total
-------------------------+-------+-------++-------
Melee: Unarmed           |     1 |       ||     1
       Short sword       |    33 |    22 ||    55
       Punch             |     1 |     1 ||     2
 Cast: Sting             |    67 |    66 ||   133
       Poisonous Vapours |    34 |    80 ||   114
Armor: Robe              |     5 |    11 ||    16
Dodge: Dodged            |    26 |    46 ||    72
